 Dungeon Crawl Stone Soup version 0.17.1-1-g73c8601 (console) character file.

394 Kloppie the Skirmisher (level 6, 0/71 HPs)
             Began as an Ogre Fighter on Dec 12, 2015.
             Slain by an orc wizard
             ... wielding a +0 dagger
              (2 damage)
             ... on level 4 of the Dungeon.
             The game lasted 00:04:48 (2938 turns).

Kloppie the Skirmisher (Ogre Fighter)               Turns: 2938, Time: 00:04:48

Health: 0/71       AC:  4    Str: 27    XL:     6   Next: 81%
Magic:  6/6        EV:  8    Int:  7    God:
Gold:   182        SH:  9    Dex: 11    Spells: 0 memorised, 5 levels left

rFire  . . .     SeeInvis .     a - +0 flail
rCold  . . .     Clarity  .     b - +0 robe
rNeg   . . .     SustAt   .     c - +0 shield
rPois  .         Gourm    .     (helmet restricted)
rElec  .         Spirit   .     w - +0 cloak
rCorr  .         Warding  .     (gloves unavailable)
rMut   .         Stasis   .     (boots unavailable)
MR     .....                    (no amulet)
Stlth  +.........               (no ring)
                                (no ring)

@: mighty, not resistant to hostile enchantments, very unstealthy
A: unfitting armour, tough skin 1
a: no special abilities


You were on level 4 of the Dungeon.
You were hungry.

You visited 1 branch of the dungeon, and saw 4 of its levels.

You collected 182 gold pieces.

Inventory:

Hand Weapons
 a - a +0 flail (weapon)
Armour
 b - a +0 robe (worn)
 c - a +0 shield (worn)
 w - a +0 cloak (worn)
Jewellery
 n - a +2 ring of protection {unknown}
 v - a cursed ring of teleportation {unknown}
 x - an uncursed amulet of guardian spirit {unknown}
Scrolls
 g - 3 scrolls of enchant armour {unknown}
 i - a scroll of magic mapping {unknown}
 j - a scroll of identify {unknown}
 k - 2 scrolls of enchant weapon {unknown}
 q - a scroll of recharging {unknown}
 r - a scroll of fear {unknown}
 u - a scroll of immolation {unknown}
Potions
 d - a potion of might
 h - 2 potions of curing {unknown}
 l - a potion of haste {unknown}
 m - a potion of heal wounds {unknown}
 o - a potion of degeneration {unknown}
 p - a potion of lignification {unknown}
 s - 2 potions of invisibility {unknown}
 t - a potion of poison {unknown}
Comestibles
 e - 2 bread rations
 f - 2 meat rations
 z - 3 chunks of flesh


   Skills:
 + Level 7.2 Fighting
 + Level 7.0 Maces & Flails
 - Level 2.6 Dodging
 - Level 2.6 Shields


You had 5 spell levels left.
You didn't know any spells.

Dungeon Overview and Level Annotations

Branches:
Dungeon (4/15)
 Temple: D:4-7

Altars:
Fedhas
Qazlal


Innate Abilities, Weirdness & Mutations

You are too large for most types of armour.
You have tough skin (AC +1).


Message History

You are feeling hungry.
You closely miss something. Something hits you.
* * * LOW HITPOINT WARNING * * *
You barely miss something. Something hits you but does no damage.
Something completely misses you.
You closely miss something. Something hits you.
* * * LOW HITPOINT WARNING * * *
You hit something.
You hear some strange, mumbled words.
A magic dart appears from out of thin air!
The magic dart hits you!
* * * LOW HITPOINT WARNING * * *
You miss something. You block its attack.
Drink which item? (? for menu, Esc to quit)
You feel very mighty all of a sudden. Something hits you but does no damage.
You barely miss something. Something hits you but does no damage.
You closely miss something. Something hits you but does no damage.
You completely miss something. You block its attack. Something hits you.
You die... #...)..## . ##...##.####### ..#####.............. ............#....#### #......>#.#.....## .. ####..#......(...## lo..

#...####.##..#....
..l## #.###
#.#####.... #....
#@# #.# ####.
#?##.####{#### #.
#.....(.#)(..# ##
#.......)....#
#.......##..[#
#.......#....#
#............#
#.......##...#
#.......##...#


There were no monsters in sight!

Vanquished Creatures
  A phantom (D:4)
  A crimson imp (D:4)
  An iguana (D:4)
  A giant frog skeleton (D:4)
  2 worker ants (D:4)
  7 adders
  2 oozes
  2 adder skeletons (D:4)
  3 worms
  4 giant geckos
  10 orcs
  A ball python (D:1)
  A giant cockroach (D:3)
  12 goblins
  6 hobgoblins
  4 jackals
  6 kobolds
  A quokka (D:3)
  A ball python skeleton (D:4)
  10 bats
  3 giant newts (D:1)
  A jackal skeleton (D:3)
  13 rats
93 creatures vanquished.

Notes
Turn   | Place    | Note
--------------------------------------------------------------
     0 | D:1      | Kloppie the Ogre Fighter began the quest for the Orb.
     0 | D:1      | Reached XP level 1. HP: 24/24 MP: 1/1
   159 | D:1      | Reached XP level 2. HP: 27/33 MP: 2/2
   478 | D:1      | Reached XP level 3. HP: 40/40 MP: 3/3
   816 | D:2      | Reached skill level 5 in Fighting
   929 | D:2      | Reached XP level 4. HP: 38/50 MP: 4/4
  1176 | D:2      | Reached skill level 5 in Maces & Flails
  1463 | D:3      | Reached XP level 5. HP: 55/59 MP: 5/5
  1549 | D:3      | Found a stormy altar of Qazlal.
  1549 | D:3      | Found a blossoming altar of Fedhas.
  2166 | D:4      | Reached skill level 6 in Fighting
  2256 | D:4      | Noticed a phantom
  2517 | D:4      | Killed a phantom
  2517 | D:4      | Reached XP level 6. HP: 8/68 MP: 6/6
  2871 | D:4      | Reached skill level 7 in Fighting
  2932 | D:4      | HP: 3/71 [something (3)]
  2933 | D:4      | HP: 1/71 [something/magic dart (2)]
  2938 | D:4      | Slain by an orc wizard

Action                   |  1- 3 |  4- 6 || total
-------------------------+-------+-------++-------
Melee: Flail             |   114 |   192 ||   306
  Use: Potion            |       |     1 ||     1
 Stab: Sleeping          |       |     1 ||     1
  Eat: Chunk             |       |     5 ||     5
       Beef jerky        |       |     1 ||     1
